 Dungeon Crawl Stone Soup version 0.25-b1-37-g2669288c55 (webtiles) character file.

Game seed: 7343113384931450355

2735 Dirian the Basher (level 9, -7/54 HPs)
             Began as a Gargoyle Fighter on June 4, 2020.
             Was a Follower of Zin.
             Mangled by a manticore (11 damage)
             ... on level 7 of the Dungeon.
             The game lasted 00:12:12 (6099 turns).

Dirian the Basher (Gargoyle Fighter)                Turns: 6099, Time: 00:12:12

Health: -7/54      AC: 21    Str: 22    XL:     9   Next: 67%
Magic:  9/9        EV: 10    Int: 10    God:    Zin [*.....]
Gold:   235        SH: 11    Dex:  9    Spells: 8/8 levels left

rFire    . . .     SeeInvis .   a - +1 flail
rCold    . . .     Gourm    .   c - +1 kite shield
rNeg     + . .     Faith    .   h - +0 chain mail
rPois    ∞         Spirit   .   (no helmet)
rElec    +         Reflect  .   g - +0 cloak
rCorr    .         Harm     .   n - +1 pair of gloves
MR       .....                  t - +0 pair of boots
Stlth    ..........             (no amulet)
HPRegen  0.18/turn              k - +4 ring of evasion
MPRegen  0.11/turn              (no ring)

@: no status effects
A: negative energy resistance 1, electricity resistance, unbreathing,
petrification resistance, rot immunity, AC +6
a: Recite, Donate Gold, Renounce Religion


You were on level 7 of the Dungeon.
You worshipped Zin.
Zin was aware of your devotion.
You were hungry.

You visited 2 branches of the dungeon, and saw 8 of its levels.

You collected 261 gold pieces.
You donated 26 gold pieces to Zin.

Inventory:

Hand Weapons
 a - a +1 flail (weapon)
 b - a +1 whip of flaming
 p - a +0 flail
Armour
 c - a +1 kite shield (worn)
 g - a +0 cloak (worn)
 h - a +0 chain mail (worn)
 n - a +1 pair of gloves (worn)
 t - a +0 pair of boots (worn)
Jewellery
 k - a +4 ring of evasion (left hand)
Scrolls
 e - 4 scrolls of fog
 i - a scroll of enchant armour
 j - 8 scrolls of identify
 l - 3 scrolls of teleportation {unknown}
 r - 2 scrolls of remove curse {unknown}
 v - a scroll of amnesia
Potions
 d - 2 potions of might
 m - a potion of heal wounds
 o - 2 potions of stabbing
 q - a potion of degeneration {unknown}
 s - a potion of ambrosia {unknown}
 u - a potion of lignification
 w - a potion of brilliance {unknown}
Comestibles
 f - 12 rations


   Skills:
 + Level 5.3 Fighting
 * Level 10.4 Maces & Flails
 + Level 5.5 Armour
 + Level 6.9 Shields


You had 8 spell levels left.
You didn't know any spells.
Your spell library was empty.

Dungeon Overview and Level Annotations

Branches:
Dungeon (7/15)             Temple (1/1) D:6

Altars:
Ashenzari
Cheibriados
Dithmenos
Elyvilon
Fedhas
Gozag
Hepliaklqana
Kikubaaqudgha
Makhleb
Nemelex Xobeh
Okawaru
Qazlal
Ru
Sif Muna
Trog
Uskayaw
Vehumet
Wu Jian
Xom
Yredelemnul
Zin
The Shining One


Innate Abilities, Weirdness & Mutations

You are resistant to torment.
Your stone body is resilient. (AC +6)
You are immune to poison.
You resist negative energy. (rN+)
You are resistant to electric shocks. (rElec)
You can survive without breathing.
You are immune to petrification.
You are immune to rotting.


Message History

The jackal barks!
Okay, then.
You closely miss the manticore.
The manticore is severely wounded.
The manticore barely misses you. The manticore claws you.
* * * LOW HITPOINT WARNING * * *
You block the manticore's attack.
You feel much better. The manticore bites you!
* * * LOW HITPOINT WARNING * * *
You block the manticore's attack. x2
You hit the manticore.
The manticore is almost dead.
The manticore bites you!
* * * LOW HITPOINT WARNING * * *
The manticore claws you but does no damage.
The manticore barely misses you.
You hit the manticore but do no damage.
The manticore is almost dead.
The manticore bites you!
You die...

.. ####.#....##
#...........
####.##[#...y#
....#.....<.#
#%.........#
########yh........#
#.....@Hyy........###
....#..##yZ.$.........
# #.... #.....<..#.##
##.#. #..#.......#
#.#.^...#####...... #
####.## ###### #.# #.#
#.


You could see a manticore, 4 killer bees, a jackal and a wyvern skeleton.

Vanquished Creatures
  Pikel (D:4)
  Sigmund (D:5)
  Duvessa (D:5)
  2 orc warriors (D:6)
  2 sky beasts
  A slave (D:5)
  An ice beast (D:6)
  3 ogres (D:4)
  3 centaurs
  3 bullfrogs (D:6)
  Dowan (D:5)
  2 killer bees (D:7)
  2 scorpions
  A howler monkey (D:6)
  4 hounds
  2 bullfrog skeletons
  2 orc priests
  Crazy Yiuf (D:6)
  An orc wizard (D:4)
  An iguana (D:5)
  A centaur skeleton (D:4)
  5 worker ants
  A hound skeleton (D:5)
  2 howler monkey skeletons
  A worker ant zombie (D:5)
  3 adders
  2 shadow imps (D:5)
  An ooze (D:2)
  An adder skeleton (D:4)
  A worm (D:4)
  2 dart slugs (D:2)
  4 leopard geckos
  20 orcs
  2 ball pythons
  7 bats
  3 giant cockroaches
  A goblin (D:1)
  8 hobgoblins
  6 jackals
  10 kobolds
  2 quokkas (D:2)
  A ball python skeleton (D:5)
  3 frilled lizards
  4 rats (D:1)
126 creatures vanquished.

Notes
Turn   | Place    | Note
-------+----------+-------------------------------------------
     0 | D:1      | Dirian the Gargoyle Fighter began the quest for the Orb.
     0 | D:1      | Reached XP level 1. HP: 14/14 MP: 1/1
   217 | D:1      | Reached XP level 2. HP: 19/19 MP: 2/2
   566 | D:1      | Reached XP level 3. HP: 23/23 MP: 3/3
  1166 | D:2      | Found a sparkling altar of Nemelex Xobeh.
  1166 | D:2      | Found an ancient bone altar of Kikubaaqudgha.
  1350 | D:2      | Reached skill level 3 in Maces & Flails
  1739 | D:3      | Reached XP level 4. HP: 27/28 MP: 4/4
  2447 | D:4      | Noticed an ogre
  2454 | D:4      | Noticed an ogre
  2458 | D:4      | Killed an ogre
  2458 | D:4      | Reached skill level 4 in Maces & Flails
  2458 | D:4      | Reached XP level 5. HP: 28/33 MP: 5/5
  2479 | D:4      | Killed an ogre
  2479 | D:4      | Reached skill level 5 in Maces & Flails
  2479 | D:4      | Reached XP level 6. HP: 27/38 MP: 6/6
  2947 | D:4      | Reached skill level 6 in Maces & Flails
  2947 | D:4      | Reached XP level 7. HP: 41/42 MP: 7/7
  3684 | D:5      | Entered Level 5 of the Dungeon
  3709 | D:5      | Noticed Pikel
  3732 | D:4      | Killed Pikel
  3732 | D:4      | Reached skill level 7 in Maces & Flails
  3732 | D:4      | Reached skill level 5 in Shields
  3732 | D:4      | Reached XP level 8. HP: 41/48 MP: 8/8
  3832 | D:5      | Reached skill level 8 in Maces & Flails
  4117 | D:5      | Noticed Sigmund
  4125 | D:5      | Killed Sigmund
  4279 | D:5      | Reached skill level 9 in Maces & Flails
  4596 | D:5      | Reached skill level 5 in Armour
  4596 | D:5      | Reached XP level 9. HP: 53/53 MP: 9/9
  4695 | D:5      | Noticed Dowan
  4695 | D:5      | Noticed Duvessa
  4727 | D:5      | Killed Duvessa
  4735 | D:5      | Killed Dowan
  4901 | D:6      | Found a blossoming altar of Fedhas.
  4902 | D:6      | Found a shattered altar of Ashenzari.
  4905 | D:6      | Found a burning altar of Makhleb.
  4906 | D:6      | Found a sacrificial altar of Ru.
  4917 | D:6      | Found a hazy altar of Hepliaklqana.
  4917 | D:6      | Found a snail-covered altar of Cheibriados.
  4917 | D:6      | Found a glowing golden altar of the Shining One.
  4918 | D:6      | Found a shadowy altar of Dithmenos.
  4919 | D:6      | Found a shimmering altar of Xom.
  4920 | D:6      | Found a hide-covered altar of Uskayaw.
  4922 | D:6      | Found an iron altar of Okawaru.
  4964 | D:6      | Reached skill level 5 in Fighting
  5248 | D:6      | Reached skill level 10 in Maces & Flails
  5473 | D:6      | Found a staircase to the Ecumenical Temple.
  5785 | D:6      | Found a runed translucent door.
  5786 | D:6      | Noticed Crazy Yiuf
  5793 | D:6      | Killed Crazy Yiuf
  5860 | Temple   | Entered the Ecumenical Temple
  5965 | Temple   | Became a worshipper of Zin the Law-Giver
  5965 | Temple   | Reached * piety under Zin
  6061 | D:7      | Noticed a manticore
  6099 | D:7      | Mangled by a manticore

Illustrated notes

Levels and vault maps discovered:
D:1:      shiori_arrival_elements, layout_basic
D:2:      layout_basic, grunt_temple_overflow_open
D:3:      layout_basic, first_ration, minivault_23, serial_bayou_pond_d
D:4:      layout_loops_ring
D:5:      layout_cave_pods, minivault_27, uniq_sigmund, uniq_pikel, uniq_duvessa
D:6:      minmay_angry_zag, layout_basic, minitemple,
          minmay_temple_entry_statues_fountains, uniq_crazy_yiuf_cottage
D:7:      layout_loops_ring, uniq_menkaure
Temple:   kb_temple_of_zot

Skill      XL: |  1  2  3  4  5  6  7  8  9 |
---------------+----------------------------+-----
Maces & Flails | 3 4 5 6 7 9 10 | 10.4
Armour         | 4 5 |  5.5
Shields        | 4 5 6 |  6.9
Fighting       | 4 5 |  5.3

Action                   |  1- 3 |  4- 6 |  7- 9 || total
-------------------------+-------+-------+-------++-------
Melee: Flail             |   128 |   120 |   446 ||   694
  Use: Scroll            |       |     6 |     4 ||    10
       Potion            |       |       |     1 ||     1
  Eat: Chunk             |     2 |     5 |    10 ||    17
Armor: Scale mail        |    76 |    42 |    19 ||   137
       Chain mail        |       |       |   190 ||   190
Dodge: Dodged            |    43 |    40 |   153 ||   236
Block: Kite shield       |    72 |    72 |   275 ||   419
